 Dungeon Crawl Stone Soup version 0.31-a0-700-gf13585253f (webtiles) character file.

Game seed: 14558239663769438159

21821 bobo the Fighter (level 13, 0/112 HPs)
             Began as a Human Hunter on Sept 7, 2023.
             Was a Follower of Uskayaw.
             Slain by an acid dragon (5 damage)
             ... on level 12 of the Dungeon on Sept 8, 2023.
             The game lasted 00:44:35 (12993 turns).

bobo the Fighter (Human Hunter)                    Turns: 12993, Time: 00:44:36

Health: 0/112      AC: 10    Str: 12    XL:     13   Next: 22%
Magic:  21/21      EV: 20    Int: 13    God:    Uskayaw [*.....]
Gold:   682        SH:  0    Dex: 26    Spells: 12/12 levels left

rFire   . . .        a - +1 shortbow (freeze)
rCold   . . .        (shield currently unavailable)
rNeg    . . .        F - +2 troll leather armour
rPois   .            o - +3 helmet of Nuisocit {Int+2}
rElec   .            (no cloak)
rCorr   +            (no gloves)
SInv    .            c - +0 pair of boots
Will    .....        v - amulet of faith
Stlth   ++           h - +6 ring of dexterity
HPRegen 1.18/turn    z - ring of resist corrosion
MPRegen 0.17/turn

%: faith
@: spiked, studying Fighting
A: no striking features
a: Renounce Religion, Stomp


You were on level 12 of the Dungeon.
You worshipped Uskayaw.
Uskayaw was aware of your devotion.
You visited 3 branches of the dungeon, and saw 16 of its levels.
You also visited: Bailey.

You collected 682 gold pieces.

Inventory:

Hand Weapons
 a - a +1 shortbow of freezing (weapon)
 j - a +2 dagger of venom
 A - a +0 orcbow
Armour
 c - a +0 pair of boots (worn)
 o - the +3 helmet of Nuisocit (worn) {Int+2}
   (You found it on level 3 of the Dungeon)

   Int+2:     It affects your intelligence (+2).
 F - a +2 troll leather armour (worn)
Jewellery
 h - a +6 ring of dexterity (left hand)
 v - an amulet of faith (around neck)
 z - a ring of resist corrosion (right hand)
 D - a ring of wizardry
Wands
 p - a wand of light (8)
 C - a wand of digging (4)
 H - a wand of paralysis (5)
 J - a wand of polymorph (3)
Scrolls
 i - 3 scrolls of revelation
 q - a scroll of amnesia
 t - 3 scrolls of teleportation
 E - a scroll of enchant weapon
Potions
 g - 7 potions of curing
 k - 3 potions of brilliance
 l - a potion of mutation
 m - 3 potions of lignification
 r - a potion of might {unknown}
 w - a potion of haste
 x - 3 potions of magic
Miscellaneous
 B - a phantom mirror
 I - a box of beasts (inert)


   Skills:
 + Level 13.7 Fighting
 + Level 11.6 Ranged Weapons
 + Level 9.1 Dodging
 + Level 1.8 Stealth
 + Level 11.3 Invocations
 - Level 5.5 Evocations


You had 12 spell levels left.
You didn't know any spells.
Your spell library contained the following spells:

 Spells                   Type           Power      Damage    Failure   Level
 Freeze                   Ice            0%         1d3       36%         1
 Necrotise                Necr           0%         1d4       36%         1
 Summon Small Mammal      Summ           0%         N/A       36%         1
 Cigotuvi's Dreadful Rot  Necr/Pois/Air  0%         N/A       52%         2
 Ensorcelled Hibernation  Hex/Ice        0%         N/A       52%         2
 Jinxbite                 Hex            0%         N/A       52%         2
 Lesser Beckoning         Tloc           0%         N/A       52%         2
 Call Canine Familiar     Summ           0%         N/A       75%         3
 Frozen Ramparts          Ice            0%         1d1       75%         3
 Gell's Gravitas          Tloc           0%         N/A       75%         3
 Hailstorm                Conj/Ice       0%         3d3       75%         3
 Ignite Poison            Fire/Tmut/Pois 0%         N/A       75%         3
 Summon Guardian Golem    Hex/Summ       0%         N/A       75%         3
 Teleport Other           Tloc           0%         N/A       75%         3
 Tukima's Dance           Hex            0%         N/A       75%         3
 Vampiric Draining        Necr           0%         2d6       75%         3
 Anguish                  Hex/Necr       0%         N/A       98%         4
 Dimensional Bullseye     Hex/Tloc       0%         N/A       98%         4
 Iskenderun's Mystic Bla  Conj/Tloc      0%         2d3       98%         4
 Agony                    Necr           0%         N/A       100%        5
 Alistair's Intoxication  Tmut/Pois      0%         N/A       100%        5
 Borgnjor's Vile Clutch   Necr/Erth      0%         N/A       100%        5
 Freezing Cloud           Conj/Ice/Air   0%         6-21      100%        5
 Eringya's Noxious Bog    Tmut/Pois      0%         4d6       100%        6


Dungeon Overview and Level Annotations

Branches:
Dungeon (13/15)            Temple (0/1) D:5            Lair (2/5) D:11
    Orc (1/2) D:9          Bailey (visited)
  Swamp: Lair:2-3    Shoals: Lair:2-3     Snake: Lair:2-3    Spider: Lair:2-3
 Vaults: D:13-14

Altars:
Dithmenos
Fedhas
Kikubaaqudgha
Makhleb
Ru
Uskayaw
Xom

Shops:
D:10 :

Portals:
Trove: D:10 (give +4 shadow dragon scales)

Annotations:
D:6 bahustanut's ghost, novice OgBe


Message History

The barbed spikes become lodged in your body.
* * * LOW HITPOINT WARNING * * *
The acid dragon misses you. The acid dragon closely misses you.
Okay, then.
As you read the scroll of fog, it dissolves into smoke.
Something barely misses you. x2; The acid dragon bites you!
* * * LOW HITPOINT WARNING * * *
The acid dragon claws you but does no damage.
The troll closely misses you. The troll misses you. The troll claws you.
* * * LOW HITPOINT WARNING * * *
The shadow strikes at you from the darkness!
* * * LOW HITPOINT WARNING * * *
Reactivating autopickup.
Okay, then.
Unknown command.
You feel better. Something hits you.
* * * LOW HITPOINT WARNING * * *
Deactivating autopickup; reactivate with Ctrl-A.
Something closely misses you. Something hits you but does no damage.
The acid dragon misses you. The acid dragon claws you.
* * * LOW HITPOINT WARNING * * *
The troll misses you. The troll claws you but does no damage.
The troll closely misses you. The shadow closely misses you.
Okay, then.
Okay, then.
It was a potion of cancellation.
Your magical effects are unravelling.
You feel magically purged.
The sentinel's mark upon you fades away.
Something hits you.
* * * LOW HITPOINT WARNING * * *
Something hits you but does no damage. Something hits you.
* * * LOW HITPOINT WARNING * * *
The manticore flicks its tail.
The volley of spikes hits you!
The barbed spikes become lodged in your body.
* * * LOW HITPOINT WARNING * * *
The acid dragon bites you but does no damage.
The acid dragon claws you.
You die...

,,,,*,,,,,,*,,*,,,,,,*,,*,,,,,,,,
*****,,,,,,#..##+#####h.*,,,,,,,,
,,,,,,,,,,,#............#********
****,,,,,,,#.............,,,,,,,,
*,,*,,,,,,,#............,,,,,,,,,
,,,*,,,,,,,#..§§§§.§..#*****+***,
,,,*,,,,,,,#..§..§H§..#,,,,,,,,*,
**,******#'#.§§{§§§§..#,,,,,,,,*,
*,,,,,,,......D@§§...#,,,,,,,,*,
*,,,,,,,.<....{TW§...#,,,,,,***,
*,,,****#......§§§...#,,,,,,*,,,
*,,,+,,,#............#,,,,>,*,,,
*,,,*,,,#............#######*,,,
*,,,*,,,############........,,,,
*,***,,,,,,,,,,,,,,#........,,,,
*,*,,,,,,,,,,,,,,,,#........,,,,
**,*,,,,,,,,,,,,,,,,#.....###****


You could see a manticore, a troll, an acid dragon and a shadow.

Vanquished Creatures
  Gastronok (Lair:1)
  Harold (Lair:1)
  Erolcha (D:13)
  2 hydras
  3 two-headed ogres
  A boulder beetle (D:10)
  Urug (Lair:1)
  Sonja (D:11)
  A manticore (D:9)
  2 black mambas
  Joseph (Lair:1)
  3 gargoyles
  2 cane toads (Lair:1)
  Jeremiah (D:8)
  Psyche (D:8)
  4 trolls
  A hornet (D:10)
  2 shadows (D:11)
  A vampire (D:9)
  2 wyverns (D:9)
  15 yaks
  A basilisk (Lair:1)
  Grum (Lair:1)
  A warg (D:9)
  3 water moccasins
  Duvessa (D:6)
  8 orc warriors
  11 wolves (Lair:1)
  2 boggarts (D:9)
  A centaur (D:9)
  2 ogres
  2 phantoms
  2 kobold brigands
  7 bullfrogs
  A scorpion (D:5)
  18 wights
  Dowan (D:6)
  9 killer bees
  4 howler monkeys
  6 electric eels (D:9)
  3 crimson imps (D:4)
  A quasit (D:6)
  10 orc priests
  A jelly (D:6)
  A gnoll bouda (D:7)
  3 hounds
  4 iguanas
  16 orc wizards
  A centaur simulacrum (D:10)
  7 gnolls
  8 adders
  2 shadow imps
  2 white imps
  An ufetubus (D:6)
  2 worms
  44 orcs
  5 endoplasms
  5 giant cockroaches
  8 goblins
  10 hobgoblins
  6 quokkas
  11 ball pythons
  3 bats
  2 frilled lizards
  26 kobolds
  10 rats
320 creatures vanquished.

Vanquished Creatures (collateral kills)
  A two-headed ogre (D:10)
  A rime drake (Lair:2)
2 creatures vanquished.

Grand Total: 322 creatures vanquished

Notes
Turn   | Place    | Note
-------+----------+-------------------------------------------
     0 | D:1      | bobo the Human Hunter began the quest for the Orb.
     0 | D:1      | Reached XP level 1. HP: 16/16 MP: 1/1
   282 | D:1      | Reached XP level 2. HP: 23/23 MP: 2/2
   556 | D:1      | Reached XP level 3. HP: 28/28 MP: 3/3
  1024 | D:2      | Reached skill level 3 in Fighting
  1283 | D:2      | Reached XP level 4. HP: 35/35 MP: 4/4
  1729 | D:3      | Identified the +3 helmet of Nuisocit {Int+2}
  1792 | D:3      | Found a faded altar of an unknown god.
  1803 | D:3      | Prayed at the altar of an unknown god.
  1803 | D:3      | Became a worshipper of Uskayaw the Reveller
  1803 | D:3      | Reached * piety under Uskayaw
  1824 | D:3      | Reached ** piety under Uskayaw
  1826 | D:3      | Reached *** piety under Uskayaw
  1828 | D:3      | Reached skill level 5 in Ranged Weapons
  1828 | D:3      | Reached XP level 5. HP: 25/41 MP: 5/5
  2115 | D:3      | Found an ancient bone altar of Kikubaaqudgha.
  2262 | D:3      | Found a blossoming altar of Fedhas.
  2273 | D:3      | Reached skill level 1 in Invocations
  2789 | D:4      | Reached skill level 4 in Fighting
  2813 | D:4      | Reached XP level 6. HP: 33/48 MP: 7/7
  3432 | D:4      | Found a shimmering altar of Xom.
  3447 | D:4      | Reached XP level 7. HP: 55/55 MP: 7/9
  3552 | D:5      | Entered Level 5 of the Dungeon
  3652 | D:5      | Reached skill level 5 in Fighting
  3945 | D:5      | Found a staircase to the Ecumenical Temple.
  4104 | D:5      | Reached XP level 8. HP: 63/63 MP: 7/11
  4768 | D:6      | Noticed Duvessa
  4776 | D:6      | Noticed Dowan
  4813 | D:5      | Reached skill level 6 in Fighting
  4816 | D:5      | Reached skill level 5 in Invocations
  5173 | D:6      | Killed Dowan
  5174 | D:6      | Killed Duvessa
  5175 | D:6      | Reached XP level 9. HP: 39/71 MP: 6/13
  5496 | D:6      | Found a transporter.
  5506 | D:6      | Noticed bahustanut's ghost (novice OgBe)
  5630 | D:6      | Found a transporter.
  5786 | D:7      | Reached skill level 7 in Fighting
  6123 | D:7      | Found a flagged portal.
  6188 | Bailey   | Entered a bailey
  6218 | Bailey   | Reached **** piety under Uskayaw
  6220 | Bailey   | Noticed an orc warlord
  6270 | Bailey   | Found a runed translucent gate.
  6272 | Bailey   | Found a runed translucent gate.
  6273 | Bailey   | Found a runed translucent gate.
  6437 | D:7      | Acquired a manual of Fighting
  6967 | D:8      | Reached ***** piety under Uskayaw
  6974 | D:8      | Reached XP level 10. HP: 60/80 MP: 6/15
  7043 | D:8      | Noticed Psyche
  7048 | D:8      | Killed Psyche
  7049 | D:8      | Reached skill level 8 in Fighting
  7288 | D:8      | Found a sacrificial altar of Ru.
  7420 | D:8      | Reached skill level 5 in Dodging
  7519 | D:8      | Noticed Jeremiah
  7539 | D:8      | Killed Jeremiah
  7540 | D:8      | Reached skill level 9 in Fighting
  7995 | D:9      | Noticed a manticore
  8002 | D:9      | Killed a manticore
  8135 | D:9      | Found a burning altar of Makhleb.
  8401 | D:9      | Found a staircase to the Orcish Mines.
  8706 | D:9      | Noticed a two-headed ogre
  8706 | D:9      | Noticed a two-headed ogre
  8832 | Orc:1    | Entered Level 1 of the Orcish Mines
  8868 | Orc:1    | Noticed an orc warlord
  9002 | D:9      | Killed a two-headed ogre
  9003 | D:9      | Reached skill level 10 in Fighting
  9003 | D:9      | Reached XP level 11. HP: 82/91 MP: 17/17
  9070 | D:9      | Killed a two-headed ogre
  9184 | D:9      | Reached ****** piety under Uskayaw
  9208 | D:9      | Reached skill level 10 in Ranged Weapons
  9260 | D:9      | Reached skill level 11 in Fighting
  9284 | D:9      | Found a shadowy altar of Dithmenos.
  9681 | D:10     | Entered Level 10 of the Dungeon
  9815 | D:10     | Noticed a two-headed ogre
  9820 | D:10     | Killed a two-headed ogre
  9821 | D:10     | Reached skill level 1 in Evocations
  9860 | D:10     | Noticed a boulder beetle
  9882 | D:10     | Killed a boulder beetle
 10097 | D:10     | Noticed a four-headed hydra
 10107 | D:10     | Killed a four-headed hydra
 10480 | D:10     | Found Mufalal's Book Shoppe.
 10542 | D:10     | Found a portal to a secret trove of treasure.
 10758 | D:11     | Found a staircase to the Lair.
 10802 | D:11     | Noticed a boulder beetle
 10814 | Lair:1   | Entered Level 1 of the Lair of Beasts
 10840 | Lair:1   | Reached XP level 12. HP: 51/102 MP: 7/19
 10963 | Lair:1   | Reached skill level 10 in Invocations
 10984 | Lair:1   | Noticed Urug
 11001 | Lair:1   | Killed Urug
 11002 | Lair:1   | Reached skill level 12 in Fighting
 11087 | Lair:1   | Noticed Joseph
 11101 | Lair:1   | Killed Joseph
 11175 | Lair:1   | Noticed Grum
 11188 | Lair:1   | Killed Grum
 11275 | Lair:1   | Noticed Harold
 11305 | Lair:1   | HP: 2/103 [yak (10)]
 11362 | Lair:1   | Killed Harold
 11550 | Lair:1   | Noticed Gastronok
 11587 | Lair:1   | Killed Gastronok
 11909 | Lair:2   | Noticed a four-headed hydra
 11915 | Lair:2   | Killed a four-headed hydra
 11916 | Lair:2   | Reached skill level 13 in Fighting
 12054 | Lair:2   | Noticed a death yak
 12473 | D:11     | Reached skill level 5 in Evocations
 12554 | D:11     | Noticed a two-headed ogre
 12562 | D:11     | Killed a two-headed ogre
 12672 | D:11     | Reached XP level 13. HP: 100/111 MP: 16/21
 12708 | D:11     | Noticed Sonja
 12714 | D:11     | Killed Sonja
 12816 | D:11     | You fall into a shaft and drop 2 floors!
 12817 | D:13     | Noticed Erolcha
 12847 | D:13     | Killed Erolcha
 12993 | D:12     | HP: 5/112 [manticore/volley of spikes (7)]
 12993 | D:12     | Slain by an acid dragon

Illustrated notes

Levels and vault maps discovered:
D:1:      dpeg_arrival_boxes_within_box, layout_basic
D:2:      minmay_kobold_bridge, layout_basic
D:3:      layout_basic, fedhas_altar_1, mainiacjoe_overflow_tiny_flanked,
          ebering_ecumenical_altar_ruins, minmay_splitting_lines
D:4:      layout_basic, led_xom_imps
D:5:      kennysheep_spiral_hall, layout_basic,
          minmay_temple_entry_purple_smoke, minmay_misc_feat_encased,
          amethyst_killhole
D:6:      layout_rooms, gammafunk_ghost_stat_death, uniq_duvessa
D:7:      layout_rooms, enter_bailey_8, corexii_hall_statues_t,
          chequers_mini_garden, minmay_misc_feat_x, st_stairs_14
D:8:      layout_loops_corners, amcnicky_altar_gilded, uniq_jeremiah,
          uniq_psyche
D:9:      layout_basic, nicolae_overflow_hidden_temple, orc_0_dummy,
          kennysheep_diamond, roderic_serpentine_path,
          nicolae_phantomly_mirrored
D:10:     minmay_cornered_nines, layout_rooms, serial_shops,
          nicolae_shop_back_alley_shop, nicolae_trove_entry_columns
D:11:     layout_basic, lair_entry_dummy, uniq_josephine, uniq_sonja
D:12:     layout_irregular_city
D:13:     layout_rooms, uniq_azrael, uniq_erolcha
Lair:1:   layout_long_grid, uniq_joseph, uniq_gastronok, uniq_urug, uniq_grum,
          uniq_harold
Lair:2:   layout_regular_city, nicolae_swamp_entry_splash_gauntlet,
          dummy_snake_entry
Orc:1:    layout_diamond_mine, basic_altar

Skill      XL: |  1  2  3  4  5  6  7  8  9 10 11 12 13 |
---------------+----------------------------------------+-----
Fighting       | 3 4 5 6 7 10 11 13 | 13.7
Ranged Weapons | 5 6 7 8 9 10 11 | 11.6
Invocations    | 1 2 4 5 7 8 9 11 | 11.3
Dodging        | 4 6 7 8 9 |  9.1
Evocations     | 2 5 |  5.5
Stealth        | |  1.8

Action                     |  1- 3 |  4- 6 |  7- 9 | 10-12 | 13-15 || total
---------------------------+-------+-------+-------+-------+-------++-------
  Melee: Dagger            |       |     7 |     4 |     1 |       ||    12
   Fire: Shortbow          |   106 |   143 |   351 |   544 |    73 ||  1217
 Invoke: Stomp             |       |     3 |    18 |    26 |     1 ||    48
         Line Pass         |       |     1 |     1 |     8 |     1 ||    11
         Grand Finale      |       |       |     1 |     5 |     1 ||     7
  Evoke: Wand              |       |       |       |     2 |     1 ||     3
         Phantom mirror    |       |       |       |     1 |       ||     1
         Box of beasts     |       |       |       |     1 |       ||     1
    Use: Scroll            |       |     3 |    13 |    14 |     5 ||    35
         Potion            |       |       |     3 |     7 |     3 ||    13
 Armour: Leather armour    |     7 |    38 |   162 |       |       ||   207
         Robe              |       |       |       |    62 |       ||    62
         Troll leather arm |       |       |       |    86 |    48 ||   134
  Dodge: Dodged            |    16 |    23 |   168 |   234 |    42 ||   483

Table legend: (Time is in decaauts)
 A = Elapsed time spent in this place.
 B = Non-inter-level travel time spent in this place.
 C = Inter-level travel time spent in this place.
 D = Time resting spent in this place.
 E = Time spent auto-exploring this place.
 F = Levels seen in this place.
 G = Mean time per level.
                   A        B        C        D        E       F      G
               +--------+--------+--------+--------+--------+-----+--------+
         Total |  13030 |  12323 |    707 |    430 |   9417 |  17 |  766.5 |
       Dungeon |  11400 |  10729 |    671 |    423 |   8463 |  13 |  876.9 |
          Lair |   1313 |   1278 |     35 |      6 |    936 |   2 |  656.5 |
  Orcish Mines |     64 |     64 |      0 |      0 |     17 |   1 |   64.0 |
        Bailey |    251 |    251 |      0 |      0 |      0 |   1 |  251.0 |
               +--------+--------+--------+--------+--------+-----+--------+

Top non-repeatable levels by time:
     D:9: 1693 daAuts
     D:5: 1460 daAuts
     D:8: 1201 daAuts
  Lair:1: 1141 daAuts
    D:10: 1044 daAuts
     D:3: 1043 daAuts
     D:1: 926 daAuts
     D:7: 842 daAuts
     D:4: 821 daAuts
     D:2: 810 daAuts
     D:6: 751 daAuts
    D:11: 650 daAuts
  Bailey: 251 daAuts
  Lair:2: 172 daAuts
    D:13: 100 daAuts
